 Dungeon Crawl Stone Soup version 0.14.2 (webtiles) character file.

33 glosham the Grasshopper (level 1, -4/17 HPs)
             Began as a Formicid Warper on Apr 11, 2017.
             Was an Initiate of Cheibriados.
             Shot with an arrow by a centaur (5 damage)
             ... on Level 15 of the Dungeon.
             The game lasted 00:09:55 (551 turns).

glosham the Grasshopper (Formicid Warper)            Turns: 551, Time: 00:09:56

HP  -4/17        AC  3     Str 19      XL: 1   Next: 66%
MP   3/3         EV 11     Int 11      God: Cheibriados [......]
Gold 29          SH  0     Dex 11      Spells:  1 memorised,  3 levels left

rFire  . . .     SeeInvis +     h - -2 short sword (curse)
rCold  . . .     Clarity  .     o - +0 leather armour of Fedolaev {Str+3 Int-2}
rNeg   . . .     Conserve .     (no shield)
rPois  .         rCorr    .     (helmet unavailable)
rElec  .         rRot     .     (no cloak)
SustAb . .       Spirit   .     (no gloves)
rMut   .         Warding  .     (no boots)
Saprov . . .     Stasis   +     (no amulet)
MR     .....                    (no ring)
                                (no ring)

@: very slow, not resistant to hostile enchantments, very unstealthy
A: permanent stasis, dig shafts and tunnels, four strong arms, antennae 3
a: Dig, Shaft Self, Bend Time, Renounce Religion


You were on level 15 of the Dungeon.
You worshipped Cheibriados.
Cheibriados was noncommittal.
You were not hungry.

You visited 2 branches of the dungeon, and saw 13 of its levels.

You collected 29 gold pieces.

Inventory:

Hand weapons
 a - a +0,+0 mace
 h - a cursed -2,-2 short sword (weapon)
 l - a +0,+0 long sword
Missiles
 e - 15 darts (quivered)
 f - 10 darts of dispersal
 j - 26 bolts
 n - 26 stones
Armour
 b - a +0 leather armour
 o - the +0 leather armour of Fedolaev (worn) {Str+3 Int-2}
   (You found it on level 14 of the Dungeon)

   It affects your strength (+3).
   It affects your intelligence (-2).
Comestibles
 d - a meat ration
Potions
 i - 2 potions of curing {unknown}
 k - a potion of lignification {unknown}
 m - a potion of heal wounds {unknown}
Books
 c - a book of Spatial Translocations

   Spells                             Type                      Level
   *Apportation                       Translocation                1
   Blink                              Translocation                2
   Shroud of Golubria                 Charms/Translocation         2
   Portal Projectile                  Translocation                3
   Teleport Other                     Translocation                3
   Passage of Golubria                Translocation                4


   Skills:
 * Level 2.6 Fighting
 - Level 2.0 Maces & Flails
 - Level 0.7 Throwing
 - Level 1.1 Armour
 - Level 1.7 Dodging
 - Level 2.1 Spellcasting
 - Level 2.6 Translocations


You had 3 spell levels left.
You knew the following spells:

 Your Spells              Type           Power        Failure   Level  Hunger
a - Apportation           Tloc           #.........   12%         1    ##.....


Dungeon Overview and Level Annotations

Branches:
Dungeon (15/15)            Temple (1/1) D:4          Depths (0/5) D:15
    Orc: D:9-12        Lair: D:8-11      Vaults: D:13-14

Altars:
Cheibriados
Dithmenos
Kikubaaqudgha
Makhleb

Shops:
D:7 }

Annotations:
D:4 exclusion: inept item mimic
D:13 exclusion: feature mimic


Innate Abilities, Weirdness & Mutations

Your are under a permanent stasis effect.
You can dig through walls and to a lower floor.
Your four strong arms can wield two-handed weapons with a shield.
You have a pair of large antennae on your head (SInv).


Message History

You feel quite a bit more hungry. The worker ant bites you.
A shaft appears beneath you!
You fall through a shaft!
The shaft crumbles and collapses.
Found a spear.
You start resting.
You sense a monster nearby.
You start resting.
You are near starving!
Eat which item? (? for menu, Esc to quit)
You finish eating.
That bread ration really hit the spot!
You start resting.
HP restored.
A centaur comes into view.
The centaur shouts!
The centaur wields a runed bow.
The centaur shoots an arrow.
The arrow misses you.
A centaur comes into view. 2 slime creatures come into view.
The slime creature quivers.
A dire elephant comes into view.
The dire elephant trumpets!
The slime creature hits you!
Ouch! That really hurt!
Found a staircase to the Depths.
The centaur shouts!
The centaur wields a bow.
The centaur shoots an arrow.
The arrow misses you.
A salamander comes into view.
The centaur shoots an arrow.
The arrow misses you.
The arrow hits the slime creature.
The centaur shoots an arrow.
The arrow hits you!
Two slime creatures merge to form a large slime creature.
The centaur shoots an arrow.
The arrow misses you.
The centaur shoots an arrow.
The arrow hits you!
* * * LOW HITPOINT WARNING * * *
You see here 3 arrows.
A manticore comes into view.
The centaur shoots an arrow.
The arrow hits you!
You die...

#). #.. .
#>####.##c##
#Y..Y{.#.c.
#(≈##.# #
#.N##{#
####.####J##{#
#..H...#(..#{#
{ #.≈.@.≈c#.#
#####..c..#
#######


You could see a salamander, a large slime creature, a manticore and 2 centaurs.

Vanquished Creatures
  A giant eyeball (D:4)
  A bat (D:4)
  An orc zombie (D:3)
3 creatures vanquished.

Notes
Turn   | Place    | Note
--------------------------------------------------------------
     0 | D:1      | glosham, the Formicid Warper, began the quest for the Orb.
     0 | D:1      | Reached XP level 1. HP: 16/16 MP: 3/3
     6 | D:1      | You fall through a shaft!
    29 | D:3      | You fall through a shaft!
    43 | D:4      | Found a staircase to the Ecumenical Temple.
    92 | Temple   | Entered the Ecumenical Temple
    96 | Temple   | Became a worshipper of Cheibriados the Contemplative
   114 | D:4      | Noticed an iguana
   121 | D:4      | You fall through a shaft!
   121 | D:5      | Entered Level 5 of the Dungeon
   122 | D:5      | Noticed a worker ant
   134 | D:5      | You fall through a shaft!
   137 | D:6      | Noticed a centaur
   137 | D:6      | You fall through a shaft!
   177 | D:7      | Found Uneiggek's Gadget Shoppe.
   181 | D:7      | Noticed a giant frog
   187 | D:7      | You fall through a shaft for 3 floors!
   187 | D:10     | Entered Level 10 of the Dungeon
   187 | D:10     | Noticed a hungry ghost
   187 | D:10     | Noticed a hound
   191 | D:10     | Noticed an ogre
   191 | D:10     | You fall through a shaft for 2 floors!
   192 | D:12     | Noticed a big kobold
   205 | D:12     | Noticed an iguana
   208 | D:12     | Noticed a big kobold
   356 | D:13     | Noticed a crimson imp
   381 | D:14     | Got an encrusted leather armour
   389 | D:14     | Identified the +0 leather armour of Fedolaev {Str+3 Int-2} (You found it on level 14 of the Dungeon)
   394 | D:14     | Noticed a worker ant
   399 | D:14     | You fall through a shaft!
   399 | D:15     | Entered Level 15 of the Dungeon
   541 | D:15     | Noticed a centaur
   542 | D:15     | Noticed a centaur
   546 | D:15     | Noticed a slime creature
   546 | D:15     | Noticed a slime creature
   547 | D:15     | Found a staircase to the Depths.
   547 | D:15     | Noticed a dire elephant
   549 | D:15     | Noticed a salamander
   550 | D:15     | HP: 1/17 [centaur/arrow (4)]
   551 | D:15     | Noticed a manticore
   551 | D:15     | Shot with an arrow by a centaur

Action                   || total
-------------------------++-------
Melee: Mace              ||    11
       Short sword       ||     3
 Abil: Shaft Self        ||     8
  Use: Scroll            ||     2

Table legend:
 A = Turns spent in this place as a percentage of turns spent in the entire game.
 B = Non-inter-level travel turns spent in this place as a percentage of non-inter-level travel turns spent in the entire game.
 C = Inter-level travel turns spent in this place as a percentage of turns spent in this place.
 D = Turns resting spent in this place as a percentage of non-inter-level travel turns spent in this place.
 E = Turns spent auto-exploring this place as a percentage of non-inter-level travel turns spent in this place.
 F = Non-inter-level travel turns spent in this place divided by the number of levels of this place that you've seen.
                   A       B       C       D       E      F
               +-------+-------+-------+-------+-------+----------------------
         Total | 100.0 | 100.0 |   0.0 |   1.6 |   0.0 |  28.5
       Dungeon |  95.9 |  95.9 |   0.0 |   1.7 |   0.0 |  29.6
        Temple |   4.1 |   4.1 |   0.0 |   0.0 |   0.0 |  15.0
               +-------+-------+-------+-------+-------+----------------------

Table legend:
 A = Kills in this place as a percentage of kills in entire the game.
 B = Kills by you in this place as a percentage of kills by you in the entire game.
 C = Kills by friends in this place as a percentage of kills by friends in the entire game.
 D = Other kills in this place as a percentage of other kills in the entire game.
 E = Experience gained in this place as a percentage of experience gained in the entire game.
 F = Experience gained in this place divided by the number of levels of this place that you have seen.
                   A       B       C       D       E      F
               +-------+-------+-------+-------+-------+----------------------
         Total | 100.0 | 100.0 |  -nan |  -nan | 100.0 |   0.5
       Dungeon | 100.0 | 100.0 |  -nan |  -nan | 100.0 |   0.5
               +-------+-------+-------+-------+-------+----------------------

Vault maps used:
D:1:      ncdulo_lavacross, hex_intersection
D:2:      minitemple, first_bread, uniq_crazy_yiuf_cottage
D:4:      minmay_temple_entry_purple_smoke
D:5:      uniq_blork_the_orc, uniq_sigmund
D:6:      lemuel_flamethrower_2
D:7:      ashenzari_conservatory_becter, basic_altar, serial_shops, shop, shop,
          grunt_ogre_cave, wad_floor_pattern_untrapped, uniq_joseph
D:10:     forest_paths, serial_shops, kennysheep_mini, minivault_19,
          uniq_nergalle
D:12:     yredelemnul_altar_generic
D:13:     minmay_textured_paths
D:14:     david_vaults_4, portal_ice_cave_entry_ice_beasts, dk_noncrumbling_3
D:15:     hangedman_depths_entry_try_elsewhere_first, grunt_decor_one_mirror,
          spider_trap, minmay_misc_feat_x
Temple:   zaba_magenta_temple_12
